 Dungeon Crawl Stone Soup version bcrawl-1.28 (webtiles) character file.

Game seed: 74967145270395289

250214 MisterOstroum the Arsonist (level 8, 44/44 HPs)
             Began as a Twilight Stalker Fire Elementalist on Nov 18, 2020.
             Was a Follower of Sif Muna.
             Quit the game on level 5 of the Dungeon on Nov 20, 2020.
             The game lasted 00:15:09 (3726 turns).

MisterOstroum the Arsonist (VSFE)                   Turns: 3726, Time: 00:15:09

Health: 44/44      AC:  5    Str: 11    XL:     8   Next: 3%
Magic:  13/13      EV: 13    Int: 17    God:    Sif Muna [*.....]
Gold:   361        SH:  0    Dex: 15    Spells: 9/13 levels left

rFire    . . .     SeeInvis .   b - +0 hunting sling (flame)
rCold    . . .     Gourm    .   (no shield)
rNeg     . . .     Faith    .   g - +0 robe
rPois    .         Spirit   .   (no helmet)
rElec    .         Reflect  .   C - +2 cloak
rCorr    .         Harm     .   (no gloves)
MR       .....                  (no boots)
Stlth    ++++......             (no amulet)
HPRegen  0.54/turn              (no ring)
MPRegen  0.13/turn              (no ring)

@: divine energy
A: fangs 3, nightstalker 1, regeneration 1, no potion heal 3, rot immunity,
draining bite, strong jaws, assimilated armour
a: Stop Divine Energy, Renounce Religion


You were on level 5 of the Dungeon.
You worshipped Sif Muna.
Sif Muna was aware of your devotion.
You were not hungry.

You visited 2 branches of the dungeon, and saw 6 of its levels.

You collected 361 gold pieces.

Inventory:

Hand Weapons
 a - a +2 dagger of chaos
 b - a +0 hunting sling of flaming (weapon)
 f - a +0 club
 p - a +0 dagger
 u - a +0 blowgun
 z - a +1 dagger of protection
 D - a +4 quarterstaff of chaos
Missiles
 c - 1219 stones
 i - a throwing net {=f!f}
 n - 523 arrows
 t - 512 sling bullets (quivered)
 v - 215 poisoned needles
 F - 45 poisoned tomahawks
Armour
 g - a +0 robe (worn)
 C - a +2 cloak (worn)
Wands
 y - a wand of polymorph (13)
Scrolls
 k - 4 scrolls of teleportation {@r3 !r}
 m - a scroll of immolation {unknown}
 o - a scroll of enchant armour
 q - 2 scrolls of remove curse {unknown}
 r - a scroll of amnesia {unknown}
 x - a scroll of fear {unknown}
 B - a scroll of blinking {unknown}
Potions
 d - 2 potions of resistance
 h - 2 potions of curing
 j - a potion of berserk rage {unknown}
 l - 2 potions of heal wounds
 s - a potion of flight {unknown}
 w - a potion of mutation {unknown}
 A - a potion of cancellation
 E - a potion of might {unknown}
Comestibles
 e - 12 rations {!d}
 G - 4 chunks of flesh


   Skills:
 - Level 2.0 Fighting
 - Level 2.1 Dodging
 + Level 4.1 Stealth
 + Level 3.0 Spellcasting
 - Level 1.0 Conjurations
 - Level 8.0 Fire Magic
 * Level 2.3 Evocations


You had 9 spell levels left.
You knew the following spells:

 Your Spells              Type           Power        Failure   Level  Hunger
a - Flame Tongue          Conj/Fire      ###..        2%          1    None
b - Conjure Flame         Conj/Fire      ###.....     9%          3    ####...

Your spell library contained the following spells:

 Spells                   Type           Power        Failure   Level  Hunger
 Flaming Arrows           Chrm/Fire      ###.....     4%          2    #......
 Inner Flame              Hex/Fire       N/A          10%         3    ####...
 Corona                   Hex            #......      17%         1    None
 Ensorcelled Hibernation  Hex/Ice        #.....       26%         2    #......
 Sticky Flame             Conj/Fire      ###.....     26%         4    #####..
 Dazzling Orbs            Conj/Hex       #......      38%         3    ####...
 Confuse                  Hex            #.......     45%         3    ####...
 Tukima's Dance           Hex            #.......     45%         3    ####...
 Fireball                 Conj/Fire      ###.......   58%         5    ######.


Dungeon Overview and Level Annotations

Branches:
Dungeon (5/12)             Temple (1/1) D:4

Altars:
Cheibriados
Fedhas
Gozag
Hepliaklqana
Kikubaaqudgha
Lugonu
Okawaru
Qazlal
Sif Muna
Vehumet
Yredelemnul
Zin
The Shining One


Innate Abilities, Weirdness & Mutations

You have razor-sharp teeth.
You are slightly more attuned to the shadows.
Your natural rate of healing is unusually fast.
Potions cannot restore your health.
You are immune to rotting.
Your bite drains your enemy's life force.
Your bites deal extra damage.
Your stealth is less affected by armour.


Message History

The sling bullet burns the worm.
You kill the worm!
Sif Muna accepts your kill.
Casting: Flame Tongue (safe; 2% risk of failure)
Confirm with . or Enter, or press ? or * to list all spells.
You can't see any susceptible monsters within range! (Use Z to cast anyway.)
An adder comes into view.
An adder is nearby!
An adder is nearby!
Firing (i - inventory. (/) - cycle)
t - 518 sling bullets (quivered)
Press: ? - help, Shift-Dir - straight line, f - adder
Aim: an adder (resting)
You shoot a sling bullet. The sling bullet hits the adder!
The sling bullet burns the adder.
The adder is almost dead.
Firing (i - inventory. (/) - cycle)
t - 517 sling bullets (quivered)
Press: ? - help, Shift-Dir - straight line, f/p - adder
Aim: an adder (almost dead)
You shoot a sling bullet.
The sling bullet closely misses the adder.
Firing (i - inventory. (/) - cycle)
t - 516 sling bullets (quivered)
Press: ? - help, Shift-Dir - straight line, f/p - adder
Aim: an adder (almost dead)
You shoot a sling bullet.
The sling bullet barely misses the adder.
Casting: Flame Tongue (safe; 2% risk of failure)
Confirm with . or Enter, or press ? or * to list all spells.
Aiming: Flame Tongue (safe; 2% risk of failure)
Press: ? - help, Shift-Dir - straight line, f/p - adder
Aim: an adder (almost dead)
The flame tongue misses the adder.
The adder barely misses you.
An adder is nearby!
An adder is nearby!
Casting: Flame Tongue (safe; 2% risk of failure)
Confirm with . or Enter, or press ? or * to list all spells.
Aiming: Flame Tongue (safe; 2% risk of failure)
Press: ? - help, Shift-Dir - straight line, f/p - adder
Aim: an adder (almost dead)
The flame tongue hits the adder!
You kill the adder!
Sif Muna accepts your kill.
Casting: Flame Tongue (safe; 2% risk of failure)
Confirm with . or Enter, or press ? or * to list all spells.
You can't see any susceptible monsters within range! (Use Z to cast anyway.)
You butcher the adder corpse.
G - a chunk of flesh You see here an adder skeleton. x2
Eating a chunk of flesh.
You eat the chunk of flesh.
This raw flesh tastes terrible.
You now have 343 gold pieces (gained 16).
An ogre comes into view. It is wielding a +0 giant spiked club.
An ogre is nearby!
Firing (i - inventory. (/) - cycle)
t - 515 sling bullets (quivered)
Press: ? - help, Shift-Dir - straight line, f - ogre
Aim: an ogre, wielding a +0 giant spiked club (resting)
You shoot a sling bullet. The sling bullet hits the ogre!
The sling bullet burns the ogre.
The ogre shouts!
The ogre is heavily wounded.
Firing (i - inventory. (/) - cycle)
t - 514 sling bullets (quivered)
Press: ? - help, Shift-Dir - straight line, f/p - ogre
Aim: an ogre, wielding a +0 giant spiked club (heavily wounded)
You shoot a sling bullet. The sling bullet hits the ogre!
The sling bullet burns the ogre.
The ogre is almost dead.
Firing (i - inventory. (/) - cycle)
t - 513 sling bullets (quivered)
Press: ? - help, Shift-Dir - straight line, f/p - ogre
Aim: an ogre, wielding a +0 giant spiked club (almost dead)
You shoot a sling bullet. The sling bullet hits the ogre.
The ogre is almost dead.
Casting: Flame Tongue (safe; 2% risk of failure)
Confirm with . or Enter, or press ? or * to list all spells.
Aiming: Flame Tongue (safe; 2% risk of failure)
Press: ? - help, Shift-Dir - straight line, f/p - ogre
Aim: an ogre, wielding a +0 giant spiked club (almost dead)
The flame tongue hits the ogre!
You kill the ogre!
Sif Muna accepts your kill.
Your Stealth skill increases to level 4!
Your Spellcasting skill increases to level 3!
Your Evocations skill increases to level 2!
You have reached level 8!
You feel agile.
You feel a sudden thirst for living beings.
Your body grows into and around your armour.
You slip into the darkness of the dungeon.
You feel attuned to necromancy and ice.
HP restored.
You butcher the ogre corpse.
G - 5 chunks of flesh
Things that are here:
a +0 giant spiked club; an ogre skeleton
Things that are here:
a +0 giant spiked club; an ogre skeleton Eating one of 5 chunks of flesh.
You eat one of the 5 chunks of flesh.
This raw flesh tastes terrible.
You now have 361 gold pieces (gained 18).
A sky beast comes into view.
Okay, then.
Are you sure you want to abandon this character and quit the game? (Confirm with "yes".)

.#.....#.##..#
.......#.....#
#..##..........#
#.........).####
#...##....###
#.#.#.....##
##...##.....#.
###..............
......@...........
Y.....#...##....##
......#...#....##
.......#### ...#
......# #.# .....#
#....


You could see a sky beast (sleeping).

Vanquished Creatures
  An ice beast (D:5)
  2 ogres
  A scorpion (D:2)
  A howler monkey (D:4)
  2 crimson imps
  2 hounds
  An orc priest (D:2)
  Crazy Yiuf (D:4)
  2 orc wizards
  Ijyb (D:3)
  3 worker ants
  9 adders
  3 worms
  2 dart slugs
  2 leopard geckos
  8 orcs
  A ball python (D:1)
  9 goblins
  11 hobgoblins
  14 jackals
  3 quokkas
  6 bats
  3 frilled lizards (D:2)
  6 kobolds
  3 rats
97 creatures vanquished.

Notes
Turn   | Place    | Note
-------+----------+-------------------------------------------
     0 | D:1      | MisterOstroum the Vine Stalker Fire Elementalist began the
                  | quest for the Orb.
     0 | D:1      | Reached XP level 1. HP: 10/10 MP: 4/4
    43 | D:1      | Reached skill level 1 in Fighting
   119 | D:1      | Reached XP level 2. HP: 16/16 MP: 3/6
   425 | D:2      | Found a glowing golden altar of the Shining One.
   451 | D:2      | Noticed a scorpion
   489 | D:2      | Killed a scorpion
   489 | D:2      | Reached skill level 4 in Fire Magic
   489 | D:2      | Reached XP level 3. HP: 21/21 MP: 1/7
   489 | D:2      | Reached XP level 4. HP: 26/26 MP: 1/8
   514 | D:2      | Learned a level 3 spell: Conjure Flame
   544 | D:2      | Found an opulent altar of Gozag.
   604 | D:2      | Found a basalt altar of Yredelemnul.
  1004 | D:2      | Found a stormy altar of Qazlal.
  1043 | D:2      | Found a blossoming altar of Fedhas.
  1043 | D:2      | Found a hazy altar of Hepliaklqana.
  1180 | D:2      | Found a snail-covered altar of Cheibriados.
  1673 | D:2      | Reached skill level 5 in Fire Magic
  1673 | D:2      | Reached XP level 5. HP: 30/30 MP: 4/9
  2083 | D:3      | Noticed Ijyb
  2107 | D:3      | Killed Ijyb
  2177 | D:3      | Gained mutation: You have razor-sharp teeth. [Vine Stalker
                  | growth]
  2177 | D:3      | Reached XP level 6. HP: 35/35 MP: 7/10
  2200 | D:3      | Reached skill level 6 in Fire Magic
  2533 | D:4      | Found a runed door.
  2537 | D:4      | Noticed Crazy Yiuf
  2564 | D:4      | Killed Crazy Yiuf
  2690 | D:4      | Reached skill level 7 in Fire Magic
  2723 | D:4      | Found a staircase to the Ecumenical Temple.
  2735 | Temple   | Entered the Ecumenical Temple
  2754 | Temple   | Became a worshipper of Sif Muna the Loreminder
  2846 | D:4      | Reached XP level 7. HP: 40/40 MP: 6/11
  3223 | D:4      | Found an iron altar of Okawaru.
  3224 | D:4      | Found a radiant altar of Vehumet.
  3317 | D:4      | Reached skill level 8 in Fire Magic
  3541 | D:5      | Entered Level 5 of the Dungeon
  3543 | D:5      | Reached * piety under Sif Muna
  3554 | D:5      | Reached skill level 1 in Evocations
  3705 | D:5      | Gained mutation: Your bite drains your enemy's life force.
                  | [Twilight Stalker growth]
  3705 | D:5      | Gained mutation: Your stealth is less affected by armour.
                  | [Twilight Stalker growth]
  3705 | D:5      | Gained mutation: You are slightly more attuned to the
                  | shadows. [Twilight Stalker growth]
  3705 | D:5      | Reached XP level 8. HP: 40/44 MP: 11/13
  3726 | D:5      | Quit the game

Skill      XL: |  1  2  3  4  5  6  7 |
---------------+----------------------+-----
Fighting       | 1 2 |  2.0
Fire Magic     | 4 5 7 8 |  8.0
Evocations     | 2 |  2.3
Stealth        | 4 |  4.1
Spellcasting   | 3 |  3.0
Dodging        | |  2.1
Conjurations   | |  1.0

Action                   |  1- 3 |  4- 6 |  7- 9 || total
-------------------------+-------+-------+-------++-------
Melee: Unarmed           |     5 |     5 |       ||    10
       Club              |     7 |     6 |       ||    13
       Dagger            |       |    23 |    11 ||    34
       Bite              |       |     2 |     2 ||     4
       Quarterstaff      |       |       |     4 ||     4
 Fire: Hunting sling     |       |    41 |    39 ||    80
Throw: Stone             |       |     1 |     1 ||     2
 Cast: Flame Tongue      |    31 |   106 |    30 ||   167
       Conjure Flame     |       |     4 |     2 ||     6
Invok: Divine Energy     |       |     1 |       ||     1
  Use: Scroll            |     1 |     3 |     3 ||     7
       Potion            |       |       |     1 ||     1
 Stab: Confused          |       |     1 |       ||     1
       Sleeping          |       |       |     1 ||     1
  Eat: Chunk             |       |    12 |     7 ||    19
Armor: Robe              |     4 |     9 |     9 ||    22
Dodge: Dodged            |    26 |    66 |    28 ||   120
